 Dungeon Crawl Stone Soup version 0.23.0-3-gf3c87f2df8 (webtiles) character file.

Game seed: 8688763360339855982

140 Sludgepup the Skirmisher (level 5, -6/35 HPs)
             Began as a Gargoyle Fighter on Feb 23, 2019.
             Mangled by Sigmund
             ... wielding a +2 scythe of distortion
              (16 damage)
             ... on level 3 of the Dungeon.
             The game lasted 00:03:23 (2488 turns).

Sludgepup the Skirmisher (Gargoyle Fighter)         Turns: 2488, Time: 00:03:23

Health: -6/35      AC: 17    Str: 19    XL:     5   Next: 23%
Magic:  5/5        EV:  7    Int: 10    God:
Gold:   49         SH:  9    Dex:  9    Spells: 4/4 levels left

rFire    . . .     SeeInvis .   w - +3 mace (protect)
rCold    . . .     Gourm    +   c - +0 shield
rNeg     + . .     Faith    .   b - +0 scale mail
rPois    ∞         Spirit   .   (no helmet)
rElec    +         Reflect  .   (no cloak)
rCorr    .         Harm     .   (no gloves)
MR       .....                  (no boots)
Stlth    ..........             h - amulet of the gourmand
HPRegen  0.11/turn              (no ring)
MPRegen  0.09/turn              (no ring)

@: protection aura
A: negative energy resistance 1, electricity resistance, unbreathing,
petrification resistance, rot immunity, AC +4
a: no special abilities


You were on level 3 of the Dungeon.
You were hungry.

You visited 1 branch of the dungeon, and saw 3 of its levels.

You collected 49 gold pieces.

Inventory:

Hand Weapons
 a - a +0 flail
 l - a +2 whip of freezing
 w - a +3 mace of protection (weapon)
Missiles
 k - a throwing net (quivered)
 m - 84 stones
Armour
 b - a +0 scale mail (worn)
 c - a +0 shield (worn)
Jewellery
 h - an amulet of the gourmand (around neck)
Scrolls
 j - a scroll of fear {unknown}
 o - a scroll of magic mapping {unknown}
 q - a scroll of amnesia {unknown}
 r - 2 scrolls of remove curse {unknown}
 s - a scroll of noise {unknown}
 u - a scroll of identify {unknown}
Potions
 d - a potion of might
 g - a potion of heal wounds {unknown}
 i - a potion of brilliance {unknown}
 n - a potion of invisibility {unknown}
 p - a potion of haste {unknown}
 t - a potion of flight {unknown}
 v - a potion of degeneration {unknown}
Comestibles
 f - 5 rations
 x - a chunk of flesh


   Skills:
 * Level 5.5 Fighting
 + Level 3.3 Maces & Flails
 - Level 3.2 Armour
 - Level 3.2 Shields


You had 4 spell levels left.
You didn't know any spells.
Your spell library was empty.

Dungeon Overview and Level Annotations

Branches:
Dungeon (3/15)

Altars:
Makhleb

Annotations:
D:3 Sigmund


Innate Abilities, Weirdness & Mutations

You are resistant to torment.
Your stone body is resilient. (AC +4)
You are immune to poison.
You resist negative energy. (rN+)
You are resistant to electric shocks. (rElec)
You can survive without breathing.
You are immune to petrification.
You are immune to rotting.


Message History

You hit the goblin.
The goblin is severely wounded.
You are feeling hungry.
You block the orc's attack. The goblin hits you but does no damage.
The orc hits you but does no damage.
You hit the goblin.
You kill the goblin!
You hear some strange, mumbled words.
Something tries to affect you, but you resist.
The orc hits you but does no damage. Something hits you but does no damage.
Space bends around you.
The kobold unwields a +0 dagger.
The kobold wields a +0 blowgun.
The kobold shoots a poisoned needle.
You block the poisoned needle.
There is a stone staircase leading down here.
You see here a poisoned needle.
The orc hits you with a +0 mace.
* * * LOW HITPOINT WARNING * * *
The kobold shoots a poisoned needle.
The poisoned needle closely misses you. Something hits you but does no damage.
Space warps horribly around you!
You die...

### #.# #.## .g
##.#####... ..
#!.......### ...
####.......... ...
#...........# ...
#...........# ...
#....o......#########.
#(...@{K..............
#....######.########..
#(...# #.# #####..
#....# #.. ........
#....# ###########.
#....# ## ###### # . .


You could see an orc and a kobold.

Vanquished Creatures
  Ijyb (D:2)
  Terence (D:2)
  3 adders (D:2)
  2 worms (D:2)
  4 dart slugs
  A leopard gecko (D:2)
  A giant cockroach (D:2)
  4 hobgoblins
  17 kobolds
  3 ball pythons
  4 bats
  3 frilled lizards
  5 goblins
  2 rats
51 creatures vanquished.

Notes
Turn   | Place    | Note
-------+----------+-------------------------------------------
     0 | D:1      | Sludgepup the Gargoyle Fighter began the quest for the Orb.
     0 | D:1      | Reached XP level 1. HP: 14/14 MP: 1/1
   207 | D:1      | Reached XP level 2. HP: 20/20 MP: 2/2
  1148 | D:1      | Reached skill level 4 in Fighting
  1412 | D:1      | Reached XP level 3. HP: 24/24 MP: 3/3
  1974 | D:2      | Reached XP level 4. HP: 18/30 MP: 4/4
  2241 | D:3      | Noticed Terence
  2242 | D:3      | Noticed Ijyb
  2281 | D:2      | Killed Terence
  2281 | D:2      | Reached skill level 5 in Fighting
  2308 | D:2      | Killed Ijyb
  2308 | D:2      | Reached XP level 5. HP: 28/35 MP: 5/5
  2357 | D:3      | Found a burning altar of Makhleb.
  2384 | D:3      | Noticed Sigmund
  2488 | D:3      | Mangled by Sigmund

Skill      XL: |  1  2  3  4 |
---------------+-------------+-----
Fighting       | 4 5 |  5.5
Maces & Flails | 3 |  3.3
Armour         | |  3.2
Shields        | |  3.2

Action                   |  1- 3 |  4- 6 || total
-------------------------+-------+-------++-------
Melee: Flail             |   158 |    56 ||   214
       Mace              |       |    18 ||    18
  Use: Potion            |       |     3 ||     3
  Eat: Chunk             |     3 |     2 ||     5
Armor: Scale mail        |    81 |    45 ||   126
Dodge: Dodged            |    46 |    29 ||    75
Block: Shield            |    72 |    31 ||   103
